 Dungeon Crawl Stone Soup version 0.21.1-72-gffa868e (webtiles) character file.

7969 Madoushi the Basher (level 11, -2/95 HPs)
             Began as a Minotaur Berserker on Aug 3, 2018.
             Was a High Priest of Trog.
             Slain by a two-headed ogre
             ... wielding a +0 giant club
              (7 damage)
             ... on level 11 of the Dungeon.
             The game lasted 00:44:13 (12047 turns).

Madoushi the Basher (Minotaur Berserker)           Turns: 12047, Time: 00:44:14

Health: -2/95      AC: 18    Str: 27    XL:     11   Next: 3%
Magic:  11/11      EV:  7    Int:  4    God:    Trog [*****.]
Gold:   475        SH: 17    Dex: 10    Spells: 10/10 levels left

rFire    . . .     SeeInvis .   u - +5 flail
rCold    + . .     Gourm    .   I - +0 large shield
rNeg     + + .     Faith    .   K - +2 chain mail {rPois}
rPois    +         Spirit   .   (helmet restricted)
rElec    .         Reflect  .   T - +0 cloak
rCorr    .         Harm     .   i - +0 pair of gloves
MR       .....                  O - +0 pair of boots
Stlth    ..........             (no amulet)
HPRegen  0.25/turn              N - ring of the Peasants {rC+ rN+ Str+2}
MPRegen  0.12/turn              s - ring of positive energy

@: no status effects
A: retaliatory headbutt, horns 2
a: Berserk, Trog's Hand, Brothers in Arms, Burn Spellbooks, Renounce Religion


You were on level 11 of the Dungeon.
You worshipped Trog.
Trog was extremely pleased with you.
You were not hungry.

You visited 1 branch of the dungeon, and saw 11 of its levels.

You collected 635 gold pieces.
You spent 160 gold pieces at shops.

Inventory:

Hand Weapons
 b - a +2 battleaxe
 e - a +2 scimitar
 j - a +0 short sword of speed
 r - a +1 falchion of holy wrath
 u - a +5 flail (weapon)
 z - a +4 flail
 B - a +5 morningstar
 H - a +2 war axe of distortion
 S - a +1 halberd of freezing
Missiles
 q - 92 stones (quivered)
 t - 4 needles of sleeping
Armour
 i - a +0 pair of gloves (worn)
 x - a +0 shield
 E - the +2 leather armour of Hedge Wizardry {rElec Int-3 Dex+3 SInv}
   (You found it on level 5 of the Dungeon)

   It affects your intelligence (-3).
   It affects your dexterity (+3).
   It insulates you from electricity.
   It lets you see invisible.
 I - a +0 large shield (worn)
 K - a +2 chain mail of poison resistance (worn)
 M - +0 acid dragon scales
 O - a +0 pair of boots (worn)
 T - a +0 cloak (worn)
Jewellery
 f - an uncursed ring of protection from fire
 s - a ring of positive energy (right hand)
 L - a +5 ring of protection
 N - the ring of the Peasants (left hand) {rC+ rN+ Str+2}
   (You bought it in a shop on level 7 of the Dungeon)

   [ring of protection from cold]

   It affects your strength (+2).
   It protects you from cold.
   It protects you from negative energy.
 V - a cursed ring of loudness {unknown}
Wands
 a - a wand of polymorph (13)
 w - a wand of disintegration (16)
 C - a wand of acid (5)
 D - a wand of enslavement (8)
 F - a wand of flame (54)
 G - a wand of iceblast (7)
Scrolls
 g - 2 scrolls of identify
 k - 6 scrolls of teleportation
 n - 2 scrolls of remove curse
 p - a scroll of random uselessness {unknown}
 y - a scroll of amnesia
 A - 2 scrolls of fog
 P - a scroll of fear
 R - 2 scrolls of blinking {unknown}
 X - a scroll of enchant armour {unknown}
Potions
 d - a potion of berserk rage {unknown}
 h - 2 potions of lignification
 l - a potion of haste {unknown}
 m - a potion of curing
 o - a potion of degeneration {unknown}
 v - a potion of might {unknown}
 J - 2 potions of mutation {unknown}
 Q - a potion of cancellation {unknown}
 U - a potion of flight {unknown}
 W - a potion of ambrosia {unknown}
Comestibles
 c - 14 rations


   Skills:
 + Level 8.6 Fighting
 + Level 6.2(9.6) Axes
 + Level 11.3(11.9) Maces & Flails
 + Level 10.1 Armour
 + Level 5.0 Dodging
 + Level 2.4 Stealth
 + Level 7.4 Shields
 + Level 1.7 Evocations


You had 10 spell levels left.
You didn't know any spells.

Dungeon Overview and Level Annotations

Branches:
Dungeon (11/15)            Temple (0/1) D:7
   Lair: D:8-11         Orc: D:9-12

Altars:
Ashenzari
Xom
The Shining One

Shops:
D:6 !   D:7 =[*


Innate Abilities, Weirdness & Mutations

You reflexively headbutt those who attack you in melee.
You have a pair of horns on your head.


Message History

Press: ? - help, Shift-Dir - straight line, f/p - two-headed ogre
Aim: a two-headed ogre, wielding a giant club and a giant spiked club (lightly wounded, chance to defeat MR: 56%)
The two-headed ogre is blasted.
The crimson imp hits you but does no damage.
The orc warrior hits you with a dire flail of protection!
* * * LOW HITPOINT WARNING * * *
You feel better. The two-headed ogre barely misses you.
You furiously retaliate!
You headbutt the two-headed ogre, but do no damage.
You block the two-headed ogre's attack. You block the crimson imp's attack.
The orc warrior closely misses you.
You feel better.
The two-headed ogre hits you with a giant club!
* * * LOW HITPOINT WARNING * * *
You block the two-headed ogre's attack.
The crimson imp blinks!
You feel better. The orc warrior closely misses you.
The two-headed ogre hits you with a giant club!
* * * LOW HITPOINT WARNING * * *
The two-headed ogre hits you with a giant spiked club!
You die...

F.P.PPP.PP.....#
...PPP...PPP.......#
#...P.P...P..P.....#
.P.P..####.P5P.#####
#.P.. #.......# ###
...... #...P.#+## #..
..P.P.####P§......#####
#.#
.[.P....PP..o.....'...#
#.#
......P.....O@....###.#
#.####
....PP.P.P........#
#.###.#...
......P...........#
#...#.#.#.
....#......#......#
###.'...#. ...
####.###......#
###.#.#. ..
#..........# #.#.#. .
########'### #.###.
#..# #..... #.## ##..##


You could see a two-headed ogre, an orc warrior and a crimson imp.

Vanquished Creatures
  A hydra (D:11)
  A deep elf mage (D:7)
  A troll (D:11)
  2 hippogriffs
  Sigmund (D:5)
  A wyvern (D:10)
  2 hungry ghosts
  2 steam dragons
  An acid dragon (D:11)
  A porcupine (D:11)
  3 black bears
  4 orc warriors
  An ice beast (D:11)
  5 sky beasts
  A necrophage (D:7)
  3 phantoms
  7 ogres
  2 crocodiles
  8 bullfrogs
  A wyvern skeleton (D:11)
  A water moccasin skeleton (D:5)
  A scorpion (D:9)
  9 killer bees
  4 howler monkeys
  10 wights
  3 electric eels
  2 crimson imps
  A bullfrog zombie (D:7)
  4 jellies
  A hound (D:11)
  2 centaur skeletons
  4 orc priests
  A bullfrog skeleton (D:9)
  An iguana (D:6)
  9 orc wizards
  6 worker ants
  A hound zombie (D:7)
  A hound skeleton (D:10)
  7 gnolls
  16 adders
  2 shadow imps
  3 oozes
  An adder zombie (D:9)
  4 worms
  4 dart slugs
  5 leopard geckos
  33 orcs
  6 bats
  4 giant cockroaches
  9 goblins
  8 hobgoblins
  8 jackals
  14 kobolds
  3 quokkas
  3 ball pythons
  7 frilled lizards
  4 rats
250 creatures vanquished.

Notes
Turn   | Place    | Note
-------+----------+-------------------------------------------
     0 | D:1      | Madoushi the Minotaur Berserker began the quest for the Orb.
     0 | D:1      | Reached XP level 1. HP: 19/19 MP: 0/0
   277 | D:1      | Reached XP level 2. HP: 25/27 MP: 1/1
   634 | D:1      | Reached XP level 3. HP: 32/33 MP: 2/2
   644 | D:1      | Reached ** piety under Trog
  1202 | D:2      | Reached XP level 4. HP: 30/40 MP: 3/3
  1731 | D:3      | Reached skill level 1 in Stealth
  1794 | D:3      | Reached skill level 5 in Axes
  2100 | D:3      | Reached XP level 5. HP: 32/47 MP: 4/4
  2244 | D:3      | Reached *** piety under Trog
  2694 | D:3      | Found a glowing golden altar of the Shining One.
  3924 | D:4      | Noticed an ogre
  3927 | D:4      | Killed an ogre
  3927 | D:4      | Reached skill level 1 in Maces & Flails
  3927 | D:4      | Reached XP level 6. HP: 40/55 MP: 5/5
  4179 | D:4      | Reached skill level 5 in Fighting
  4179 | D:4      | Reached skill level 2 in Maces & Flails
  4806 | D:5      | Entered Level 5 of the Dungeon
  5077 | D:5      | Noticed Sigmund
  5096 | D:5      | Killed Sigmund
  5096 | D:5      | Reached skill level 3 in Maces & Flails
  5096 | D:5      | Reached XP level 7. HP: 52/61 MP: 6/6
  5225 | D:5      | Got a transparent leather armour
  5226 | D:5      | Identified the +2 leather armour of Hedge Wizardry {rElec Int-3 Dex+3 SInv} (You found it on level 5 of the Dungeon)
  5237 | D:5      | Reached skill level 4 in Maces & Flails
  5252 | D:5      | Reached skill level 1 in Shields
  5322 | D:5      | Reached skill level 5 in Maces & Flails
  5455 | D:5      | Found a transporter.
  5494 | D:5      | Found a transporter.
  6090 | D:6      | Reached skill level 6 in Maces & Flails
  6090 | D:6      | Reached XP level 8. HP: 58/69 MP: 7/7
  6148 | D:6      | Found Zerphaur's Distillery.
  6181 | D:6      | Reached skill level 5 in Armour
  6237 | D:6      | Reached **** piety under Trog
  6649 | D:6      | Reached skill level 7 in Maces & Flails
  7679 | D:7      | Reached skill level 1 in Evocations
  7680 | D:7      | Noticed a hippogriff
  7691 | D:7      | Killed a hippogriff
  7691 | D:7      | Reached XP level 9. HP: 57/78 MP: 8/8
  7779 | D:7      | Found Jaunoex's Armour Shop.
  7800 | D:7      | Found Buuseid's Assorted Antiques.
  7815 | D:7      | Bought a heavily runed golden ring for 160 gold pieces
  7816 | D:7      | Identified the ring of the Peasants {rC+ rN+ Str+2} (You bought it in a shop on level 7 of the Dungeon)
  7979 | D:7      | Noticed a deep elf mage
  7986 | D:7      | Killed a deep elf mage
  7986 | D:7      | Reached skill level 8 in Maces & Flails
  8084 | D:7      | Found Doidgh's Jewellery Emporium.
  8331 | D:7      | Found a staircase to the Ecumenical Temple.
  8501 | D:8      | Reached skill level 9 in Maces & Flails
  8721 | D:8      | Found a shattered altar of Ashenzari.
  8727 | D:8      | Found a shimmering altar of Xom.
  9051 | D:8      | Reached skill level 5 in Shields
  9426 | D:9      | Reached ***** piety under Trog
  9538 | D:9      | Reached XP level 10. HP: 72/86 MP: 10/10
 10136 | D:9      | Reached skill level 10 in Maces & Flails
 10555 | D:10     | Entered Level 10 of the Dungeon
 11506 | D:11     | Noticed a five-headed hydra
 11519 | D:11     | Killed a five-headed hydra
 11519 | D:11     | Reached skill level 11 in Maces & Flails
 11519 | D:11     | Reached skill level 10 in Armour
 11519 | D:11     | Reached skill level 5 in Dodging
 11894 | D:11     | Reached XP level 11. HP: 95/95 MP: 11/11
 12027 | D:11     | Noticed a two-headed ogre
 12044 | D:11     | HP: 4/95 [orc warrior/dire flail of protection (16)]
 12047 | D:11     | Slain by a two-headed ogre

Skill      XL: |  1  2  3  4  5  6  7  8  9 10 |
---------------+-------------------------------+-----
Axes           | 4 5 6 |  6.2
Fighting       | 4 5 6 7 8 |  8.6
Armour         | 3 4 6 8 10 | 10.1
Dodging        | 3 4 5 |  5.0
Stealth        | 1 2 |  2.4
Maces & Flails | 1 3 6 7 9 11 | 11.3
Shields        | 1 3 5 7 |  7.4
Evocations     | 1 |  1.7

Action                   |  1- 3 |  4- 6 |  7- 9 | 10-12 || total
-------------------------+-------+-------+-------+-------++-------
Melee: Hand axe          |    79 |    81 |       |       ||   160
       Headbutt          |    11 |    31 |    40 |    39 ||   121
       Flail             |       |    62 |   225 |   219 ||   506
Invok: Burn Spellbooks   |       |       |     2 |     2 ||     4
Evoke: Wand              |       |     1 |    13 |     3 ||    17
  Use: Scroll            |     2 |     4 |     9 |     4 ||    19
       Potion            |       |       |     1 |     6 ||     7
  Eat: Chunk             |       |    11 |     8 |       ||    19
       Ration            |       |     1 |     2 |     4 ||     7
Armor: Animal skin       |    14 |     6 |       |       ||    20
       Leather armour    |       |     2 |       |       ||     2
       Ring mail         |       |    33 |    22 |       ||    55
       Chain mail        |       |       |    72 |   136 ||   208
Dodge: Dodged            |    56 |    68 |    70 |    74 ||   268
Block: Shield            |       |    14 |    90 |    72 ||   176
       Large shield      |       |       |       |    80 ||    80
